 Dungeon Crawl Stone Soup version 0.19.1-1-g22dce08 (webtiles) character file.

66 Pytinka the Firebug (level 3, -1/19 HPs)
             Began as a Deep Elf Fire Elementalist on Dec 30, 2016.
             Slain by a gnoll
             ... wielding a +0 spear
              (4 damage)
             ... on level 2 of the Dungeon.
             The game lasted 00:02:17 (995 turns).

Pytinka the Firebug (Deep Elf Fire Elementalist)     Turns: 995, Time: 00:02:18

Health: -1/19      AC:  2    Str:  5    XL:     3   Next: 96%
Magic:  2/10       EV: 13    Int: 20    God:
Gold:   23         SH:  0    Dex: 15    Spells: 1 memorised, 9 levels left

rFire  . . .     SeeInvis +     (no weapon)
rCold  . . .     Gourm    .     a - +0 robe
rNeg   . . .     Faith    .     (no shield)
rPois  .         Spirit   .     (no helmet)
rElec  .         Reflect  .     (no cloak)
rCorr  .         Harm     .     (no gloves)
MR     +....                    (no boots)
Stlth  ++........               (no amulet)
                                l - ring of protection from magic
                                i - ring of see invisible

@: no status effects
A: no striking features
a: no special abilities


You were on level 2 of the Dungeon.
You were not hungry.

You visited 1 branch of the dungeon, and saw 2 of its levels.

You collected 23 gold pieces.

Inventory:

Armour
 a - a +0 robe (worn)
Jewellery
 i - a ring of see invisible (left hand)
 l - a ring of protection from magic (right hand)
Scrolls
 e - 3 scrolls of identify {unknown}
 g - a scroll of fog {unknown}
 j - a scroll of teleportation {unknown}
 k - a scroll of magic mapping {unknown}
 p - a scroll of amnesia {unknown}
Potions
 d - 2 potions of ambrosia {unknown}
 f - a potion of brilliance {unknown}
 n - a potion of heal wounds {unknown}
Books
 b - a book of Flames

   Spells                             Type                      Level
   a - Flame Tongue                   Conjuration/Fire             1
   b - Throw Flame                    Conjuration/Fire             2
   c - Conjure Flame                  Conjuration/Fire             3
   d - Inner Flame                    Hexes/Fire                   3
   e - Sticky Flame                   Conjuration/Fire             4
   f - Fireball                       Conjuration/Fire             5
Comestibles
 c - a bread ration
 h - a meat ration
 m - a beef jerky


   Skills:
 - Level 2.4 Dodging
 - Level 2.4 Stealth
 + Level 4.0 Spellcasting
 + Level 1.7 Conjurations
 + Level 4.6 Fire Magic


You had 9 spell levels left.
You knew the following spells:

 Your Spells              Type           Power        Failure   Level  Hunger
a - Flame Tongue          Conj/Fire      ###..        3%          1    None


Dungeon Overview and Level Annotations

Branches:
Dungeon (2/15)

Altars:


Message History

The flame tongue misses the gnoll.
The gnoll barely misses you.
The gnoll hits you from afar with a spear.
Casting: Flame Tongue
Confirm with . or Enter, or press ? or * to list all spells.
Aiming: Flame Tongue
Press: ? - help, Shift-Dir - straight line, f/p - gnoll
Aim: a gnoll, wielding a whip (heavily wounded)
The flame tongue hits the gnoll.
The gnoll is heavily wounded.
The gnoll hits you but does no damage. The gnoll hits you with a whip.
* * * LOW HITPOINT WARNING * * *
Casting: Flame Tongue
Confirm with . or Enter, or press ? or * to list all spells.
Aiming: Flame Tongue
Press: ? - help, Shift-Dir - straight line, f/p - gnoll
Aim: a gnoll, wielding a whip (heavily wounded)
The flame tongue hits the gnoll.
The gnoll is severely wounded.
The gnoll hits you from afar with a spear.
You die...

###[ #..#.#.#....#.
....#####.##.#.#.....#
..................>.#
#...###..#######..##
###.###.............
#.$.....########..##
#####.##.#### #..#
.........# ##.##
.......@.# #..#
.......g## #..#
..)...g)# #...
.......?# #.#.
........# #...
........# ##..
........# #######..
........# #.....>..
#.######.


You could see 2 gnolls.

Vanquished Creatures
  Jessica (D:2)
  2 gnolls (D:2)
  A dart slug (D:2)
  A leopard gecko (D:1)
  A giant cockroach (D:1)
  3 hobgoblins (D:1)
  A quokka (D:2)
  4 bats
  A frilled lizard (D:2)
  2 kobolds
  A rat (D:1)
18 creatures vanquished.

Notes
Turn   | Place    | Note
-------+----------+-------------------------------------------
     0 | D:1      | Pytinka the Deep Elf Fire Elementalist began the quest for the Orb.
     0 | D:1      | Reached XP level 1. HP: 10/10 MP: 6/6
   503 | D:1      | Reached XP level 2. HP: 10/15 MP: 0/8
   729 | D:2      | Noticed Jessica
   737 | D:2      | Killed Jessica
   737 | D:2      | Reached XP level 3. HP: 12/19 MP: 3/10
   995 | D:2      | Slain by a gnoll

Skill      XL: |  1  2  3 |
---------------+----------+-----
Fire Magic     | 4 |  4.6
Spellcasting   | 4 |  4.0
Dodging        | |  2.4
Stealth        | |  2.4
Conjurations   | |  1.7

Action                   || total
-------------------------++-------
 Cast: Flame Tongue      ||    41
Armor: Robe              ||     4
Dodge: Dodged            ||    11
